 Dungeon Crawl Stone Soup version 0.18-a0-1490-g504aa14 (console) character file.

2861 sorlin the Covert (level 9, -5/64 HPs)
             Began as an Octopode Wanderer on Mar 3, 2016.
             Was a Believer of Fedhas.
             Slain by Gastronok (29 damage)
             ... on level 8 of the Dungeon.
             The game lasted 00:33:00 (8651 turns).

sorlin the Covert (Octopode Wanderer)               Turns: 8651, Time: 00:33:00

Health: -5/64      AC:  6    Str: 13    XL:     9   Next: 75%
Magic:  14/14      EV: 14    Int:  7    God:    Fedhas [**....]
Gold:   380        SH:  0    Dex: 15    Spells: 1 memorised, 5 levels left

rFire  . . .     SeeInvis .     a - +0 dagger (protect)
rCold  . . .     Gourm    .     (no shield)
rNeg   . . .     Faith    .     (helmet restricted)
rPois  +         Spirit   .     z - amulet "Zomog" {Dismiss rElec rPois Int-5}
rElec  +         Dismiss  +     (no ring)
rCorr  .         Reflect  .     (no ring)
SustAt .         Harm     .     (no ring)
MR     .....                    (no ring)
Stlth  +++++++...               (no ring)
                                (no ring)
                                (no ring)
                                (no ring)

@: not resistant to hostile enchantments, extremely stealthy
A: almost no armour, amphibious, 8 rings, constrict 8, camouflage 1, high mp 1,
gelatinous body 1
a: Evolution, Sunlight, Renounce Religion


You were on level 8 of the Dungeon.
You worshipped Fedhas.
Fedhas was pleased with you.
You were not hungry.

You visited 1 branch of the dungeon, and saw 8 of its levels.
You also visited: Ossuary.

You collected 380 gold pieces.


Innate Abilities, Weirdness & Mutations

You cannot wear most types of armour.
You are amphibious.
You can wear up to eight rings at the same time.
You can use your tentacles to constrict eight enemies at once.
Your skin changes colour to match your surroundings (Stealth).
Your rubbery body absorbs attacks (AC +1).
You have an increased reservoir of magic (+10% MP).


   Skills:
 * Level 7.3 Fighting
 - Level 5.0 Short Blades
 + Level 4.6 Dodging
 + Level 12.1 Stealth
   Level 1.0 Shields
 - Level 5.0 Invocations
 + Level 0.9 Evocations


You had 5 spell levels left.
You knew the following spells:

 Your Spells              Type           Power        Failure   Level  Hunger
s - Mephitic Cloud        Conj/Pois/Air  #.......     96%         3    ####...

Inventory:

Hand Weapons
 a - a +0 dagger of protection (weapon)
   (You took it off an orc wizard on level 7 of the Dungeon)
 b - a +1 dagger of draining
   (You found it on level 7 of the Dungeon)
 p - a +2 short sword
Missiles
 i - 70 sling bullets
 j - 32 poisoned needles
 q - 15 exploding sling bullets
 L - 10 poisoned sling bullets
Jewellery
 z - the amulet "Zomog" (around mantle) {Dismiss rElec rPois Int-5}
   (You found it on level 6 of the Dungeon)

   [amulet of dismissal]

   It may teleport away creatures that harm you.
   It affects your intelligence (-5).
   It insulates you from electricity.
   It protects you from poison.
Wands
 r - a wand of paralysis (5/24)
 w - a wand of disintegration (11/24)
 x - a wand of iceblast (2/15)
 y - a wand of iceblast (2/15)
 B - a wand of iceblast (4/15)
 C - a wand of disintegration (16/24)
 E - a wand of confusion (14/48)
 I - a wand of lightning (5/15)
Scrolls
 c - 4 scrolls of teleportation {!r}
 g - 2 scrolls of recharging
 k - 5 scrolls of remove curse
 n - 3 scrolls of torment {unknown}
 o - a scroll of amnesia {unknown}
 s - a scroll of enchant weapon {unknown}
 u - 2 scrolls of fog {unknown}
 v - a scroll of magic mapping {unknown}
 A - 2 scrolls of random uselessness {unknown}
 F - a scroll of fear {unknown}
 H - a scroll of summoning {unknown}
 J - a scroll of blinking {unknown}
 K - a scroll of enchant armour {unknown}
Potions
 e - 8 potions of curing {unknown}
 h - a potion of lignification {!q}
 l - a potion of might {!q}
 m - 2 potions of cancellation {!q}
 t - 2 potions of heal wounds {!q}
 D - 2 potions of invisibility {!q}
Books
 G - a book of Clouds

   Spells                             Type                      Level
   a - Mephitic Cloud                 Conjuration/Poison/Air       3
   b - Conjure Flame                  Conjuration/Fire             3
   c - Poisonous Cloud                Conjuration/Poison/Air       6
   d - Freezing Cloud                 Conjuration/Ice/Air          6
   e - Ring of Flames                 Charms/Fire                  7
Comestibles
 d - 6 bread rations {!e}
 f - 3 meat rations {!e}


Message History

Gastronok waves his eye-stalks in wide circles.
The air twists around and strikes you!
You take 25 damage.
Your wandering mushroom releases spores at Gastronok.
Gastronok is engulfed in a cloud of spores!
Gastronok appears confused.
You hit Gastronok but do no damage.
Gastronok is heavily wounded.
Gastronok seems less confused.
Your wandering mushroom releases spores at Gastronok.
Gastronok is engulfed in a cloud of spores!
You hit Gastronok.
Gastronok is heavily wounded.
Your wandering mushroom releases spores at Gastronok.
Gastronok is engulfed in a cloud of spores!
Gastronok appears confused.
You hit Gastronok. You squeeze Gastronok.
Gastronok is heavily wounded.
Your wandering mushroom releases spores at Gastronok.
Gastronok is engulfed in a cloud of spores!
You hit Gastronok.
Gastronok is heavily wounded.
Gastronok bites your wandering mushroom!!
You hit Gastronok but do no damage.
Gastronok is heavily wounded.
Gastronok seems less confused.
You hit Gastronok but do no damage.
Gastronok is heavily wounded.
Your wandering mushroom releases spores at Gastronok!
Gastronok is engulfed in a cloud of spores!
Gastronok appears confused.
You hit Gastronok but do no damage.
You squeeze Gastronok, but do no damage.
Gastronok is severely wounded.
Gastronok seems less confused.
Gastronok waves his eye-stalks in wide circles.
The air twists around and strikes you!
* * * LOW HITPOINT WARNING * * *
Your wandering mushroom releases spores at Gastronok.
Gastronok is engulfed in a cloud of spores!
You take 18 damage.
You hit Gastronok but do no damage.
Gastronok is severely wounded.
You hit Gastronok. You squeeze Gastronok.
Gastronok is severely wounded.
Your wandering mushroom releases spores at Gastronok!!
Gastronok is engulfed in a cloud of spores!
Gastronok bites you!!
You die...
Fedhas appreciates your contribution to the ecosystem.

........# .......)#
........# ..>.....#
#f###..## ########
#.###..####### #....<.#
....#........# +......#
....+........# #......#
#.###.#############......#
#.###f#........ffw...#####
...#..#.........@....#
...#.f#..............#
...'............▒▒...#####
..#####......###▒........#
..#......#'###.▒▒........#
..+......#...#.▒♣♣.......#
..#......#...'.▒♣........#
.##......##'###▒♣_.......#
.....##'##..##.▒♣.......##
.....#...#.....▒.♣......#
.....#...#.....▒▒♣......#


You could see Gastronok and 2 friendly wandering mushrooms.

Vanquished Creatures
  Sigmund (D:6)
  A hippogriff (D:8)
  2 hungry ghosts (D:8)
  Edmund (D:5)
  A water moccasin (D:7)
  An orc warrior (D:6)
  A black bear (D:8)
  A sky beast (D:5)
  A phantom (D:4)
  3 centaurs
  2 elf zombies (Ossuary)
  3 giant frogs
  A lava snake (D:7)
  3 centaur zombies
  A quasit (D:5)
  A human zombie (Ossuary)
  An orc priest (D:7)
  2 hounds
  6 orc wizards
  An iguana (D:5)
  3 worker ants
  A killer bee zombie (D:8)
  2 big kobold zombies (Ossuary)
  A mummy (Ossuary)
  2 hound skeletons
  3 adders
  2 shadow imps
  An ooze (D:2)
  2 adder zombies (Ossuary)
  An adder skeleton (D:6)
  4 worms
  4 dart slugs
  7 giant geckos
  22 orcs
  3 ball pythons
  14 bats
  4 giant cockroaches
  7 hobgoblins
  2 jackals (D:3)
  4 quokkas
  A giant gecko skeleton (D:5)
  3 giant newts
  5 goblins (D:1)
  11 hobgoblin zombies (Ossuary)
  A jackal zombie (Ossuary)
  7 kobolds
  7 kobold zombies (Ossuary)
  6 orc zombies (Ossuary)
  A quokka skeleton (D:7)
  A quokka zombie (D:6)
  8 rats
  3 rat zombies (Ossuary)
177 creatures vanquished.

Vanquished Creatures (collateral kills)
  A spriggan (D:7)
  A black bear (D:8)
  A phantom (D:7)
  A big kobold (D:7)
  A howler monkey (D:4)
  A jelly (D:6)
  A giant frog skeleton (D:8)
  2 orc wizards (D:4)
  A worker ant (D:4)
  A worker ant zombie (D:5)
  4 gnolls (D:5)
  2 adders
  A shadow imp (D:5)
  An adder skeleton (D:5)
  An orc (D:4)
20 creatures vanquished.

Vanquished Creatures (others)
  An iguana (D:3)
  2 kobolds (D:7)
  A wandering mushroom (D:7)
  85 toadstools
89 creatures vanquished.

Grand Total: 286 creatures vanquished

Notes
Turn   | Place    | Note
--------------------------------------------------------------
     0 | D:1      | sorlin the Octopode Wanderer began the quest for the Orb.
     0 | D:1      | sorlin set off with: a +2 short sword, a +0 spear, a scroll of teleportation {!r}, a bread ration {!e}
     0 | D:1      | Reached XP level 1. HP: 14/14 MP: 1/1
    34 | D:1      | Reached skill level 2 in Stealth
   103 | D:1      | Reached XP level 2. HP: 19/19 MP: 2/2
   122 | D:1      | Reached skill level 3 in Stealth
   424 | D:1      | Reached skill level 4 in Stealth
   454 | D:1      | Reached XP level 3. HP: 22/24 MP: 3/3
   931 | D:2      | Found a blossoming altar of Fedhas.
   946 | D:2      | Became a worshipper of Fedhas Madash
   962 | D:2      | Reached skill level 5 in Stealth
  1250 | D:2      | Reached XP level 4. HP: 29/29 MP: 4/4
  1394 | D:2      | You fall through a shaft for 2 floors!
  1770 | D:3      | Reached skill level 6 in Stealth
  1773 | D:3      | HP: 8/29 [poisoned by a worker ant]
  1778 | D:3      | HP: 5/29 [poisoned by a worker ant]
  1784 | D:3      | HP: 4/29 [poisoned by a worker ant]
  1791 | D:3      | HP: 3/29 [poisoned by a worker ant]
  1805 | D:3      | HP: 2/29 [giant cockroach (1)]
  1925 | D:3      | Reached skill level 7 in Stealth
  1925 | D:3      | Reached XP level 5. HP: 31/34 MP: 5/5
  2255 | D:3      | Found an oddly glowing altar of Pakellas.
  2255 | D:3      | Noticed an orange crystal statue
  2497 | D:4      | Found a staircase to the Ecumenical Temple.
  2517 | D:4      | Reached * piety under Fedhas
  2550 | D:4      | Noticed a phantom
  2646 | D:4      | Reached skill level 8 in Stealth
  2648 | D:4      | Reached XP level 6. HP: 30/39 MP: 6/6
  2695 | D:4      | Found an iron altar of Okawaru.
  2777 | D:4      | Killed a phantom
  2866 | D:4      | Reached skill level 9 in Stealth
  3363 | D:4      | Found a burning altar of Makhleb.
  3427 | D:4      | Found Ryenaorog's Food Shoppe.
  3435 | D:5      | Entered Level 5 of the Dungeon
  3450 | D:5      | HP: 9/39 [gnoll (5)]
  3450 | D:5      | HP: 2/39 [gnoll/spear (7)]
  3757 | D:5      | Noticed Edmund
  3854 | D:5      | Noticed a sky beast
  3858 | D:5      | Killed Edmund
  3858 | D:5      | Reached skill level 10 in Stealth
  3858 | D:5      | Reached XP level 7. HP: 40/45 MP: 7/7
  4154 | D:5      | Reached skill level 3 in Fighting
  4495 | D:5      | Reached skill level 2 in Dodging
  4497 | D:5      | HP: 13/46 [orc/club (1)]
  5216 | D:6      | Reached skill level 1 in Invocations
  5216 | D:6      | Reached XP level 8. HP: 41/53 MP: 8/8
  5231 | D:6      | Noticed Sigmund
  5496 | D:6      | Got a brightly glowing ivory amulet
  5498 | D:6      | Identified the amulet "Zomog" {Dismiss rElec rPois Int-5} (You found it on level 6 of the Dungeon)
  5641 | D:6      | Reached skill level 4 in Fighting
  5891 | D:6      | Killed Sigmund
  5891 | D:6      | Reached skill level 11 in Stealth
  5891 | D:6      | Reached skill level 2 in Invocations
  5952 | D:7      | Gained mutation: You have an increased reservoir of magic (+10% MP). [potion of beneficial mutation]
  5997 | D:6      | HP: 21/81 [orc warrior/long sword (7)]
  5998 | D:6      | Reached skill level 3 in Dodging
  6372 | D:7      | HP: 15/54 [centaur (8)]
  6376 | D:7      | HP: 5/54 [centaur (8)]
  6377 | D:7      | Reached skill level 5 in Fighting
  6649 | D:7      | Reached ** piety under Fedhas
  6710 | D:7      | Found a shattered altar of Ashenzari.
  6728 | D:7      | Reached skill level 3 in Invocations
  6764 | D:7      | Found a radiant altar of Vehumet.
  6769 | D:7      | Noticed a spriggan baker
  6778 | D:7      | Killed a spriggan baker
  7005 | D:7      | Reached XP level 9. HP: 46/62 MP: 12/12
  7007 | D:7      | Got a brightly glowing hand axe {pain}
  7060 | D:7      | Reached skill level 6 in Fighting
  7387 | D:8      | Found a sand-covered staircase.
  7392 | Ossuary  | Entered an ossuary
  7658 | Ossuary  | Reached skill level 4 in Invocations
  7702 | Ossuary  | Reached skill level 4 in Dodging
  7872 | D:8      | Learned a level 3 spell: Mephitic Cloud
  7936 | D:8      | Found a sparkling altar of Nemelex Xobeh.
  7962 | D:8      | Found a glowing silver altar of Zin.
  7980 | D:8      | Noticed Gastronok
  8352 | D:8      | Reached skill level 7 in Fighting
  8352 | D:8      | Reached skill level 12 in Stealth
  8370 | D:8      | Reached skill level 5 in Invocations
  8651 | D:8      | Slain by Gastronok

Vault maps used:
D:1:      onia_arrival_larder
D:2:      fedhas_altar_3
D:3:      first_bread, gammafunk_pakellas_statue_experiment
D:4:      okawaru_metal_pillars_1_2, lightli_temple_of_fire,
          minmay_temple_entry_statues_fountains, serial_shops, kennysheep_mini
D:5:      kennysheep_generic_room_12, uniq_edmund
D:6:      minivault_19, hex_large, uniq_sigmund
D:7:      fiery_altar_vehumet, lemuel_crystal_altar, kennysheep_flooded_box,
          the_bakery
D:8:      zin_academy, enter_ossuary_5, basic_altar, uniq_gastronok
Ossuary:  ossuary_tomb_1

Action                   |  1- 3 |  4- 6 |  7- 9 || total
-------------------------+-------+-------+-------++-------
Melee: Short sword       |    57 |   102 |    85 ||   244
       Dagger            |       |       |   203 ||   203
Invok: Evolution         |       |     1 |     2 ||     3
Evoke: Wand              |       |       |    11 ||    11
  Use: Potion            |       |     1 |     3 ||     4
       Scroll            |       |       |    10 ||    10
 Stab: Sleeping          |    21 |     9 |    37 ||    67
       Paralysed         |       |       |     2 ||     2
       Confused          |       |       |     4 ||     4
       Distracted        |       |       |     1 ||     1
  Eat: Chunk             |     1 |     3 |     6 ||    10
       Pizza             |       |     1 |       ||     1
       Bread ration      |       |     1 |     2 ||     3
